 Dungeon Crawl Stone Soup version 0.31-a0-355-g57cb03d3e8 (webtiles) character file.

Game seed: 4197370845763704619

102 Thatcher the Chopper (level 4, -4/41 HPs)
             Began as a Hill Orc Berserker on July 24, 2023.
             Was a Follower of Trog.
             Slain by Iidacon's ghost (8 damage)
             ... on level 3 of the Dungeon.
             The game lasted 00:07:12 (3007 turns).

Thatcher the Chopper (Hill Orc Berserker)           Turns: 3007, Time: 00:07:13

Health: -4/41      AC: 11    Str: 21    XL:     4   Next: 77%
Magic:  4/4        EV:  8    Int:  7    God:    Trog [*.....]
Gold:   61         SH:  0    Dex: 10    Spells: 3/3 levels left

rFire   + . .        a - +0 hand axe
rCold   + . .        (no shield)
rNeg    . . .        o - +0 chain mail
rPois   +            l - +0 helmet
rElec   +            n - +0 cloak
rCorr   +            (no gloves)
SInv    .            (no boots)
Will    +++..        (no amulet) Stlth
                     t - ring of willpower
HPRegen 1.26/turn    (no ring)
MPRegen 0.09/turn

%: no passive effects
@: resistant, strong-willed (expiring), regenerating (expiring)
A: no striking features
a: Renounce Religion, Berserk


You were on level 3 of the Dungeon.
You worshipped Trog.
Trog was aware of your devotion.
You visited 1 branch of the dungeon, and saw 3 of its levels.

You collected 61 gold pieces.

Inventory:

Hand Weapons
 a - a +0 hand axe (weapon)
Missiles
 e - 21 stones (quivered)
 g - 3 poisoned darts
Armour
 b - a +0 animal skin
 f - a +0 robe
 i - a +0 leather armour
 l - a +0 helmet (worn)
 m - a +0 scale mail
 n - a +0 cloak (worn)
 o - a +0 chain mail (worn)
Jewellery
 t - a ring of willpower (left hand)
Scrolls
 c - 2 scrolls of poison {unknown}
 h - 4 scrolls of identify {unknown}
 j - 2 scrolls of amnesia {unknown}
 k - a scroll of fear {unknown}
 p - a scroll of brand weapon {unknown}
 s - a scroll of blinking {unknown}
Potions
 d - a potion of resistance
 q - a potion of curing {unknown}
 r - a potion of brilliance {unknown}


   Skills:
 + Level 4.4 Fighting
 * Level 5.4 Axes
 + Level 3.0 Armour
 - Level 2.0 Dodging
 - Level 0.6 Stealth


You had 3 spell levels left.
You didn't know any spells.
Your spell library was empty.

Dungeon Overview and Level Annotations

Branches:
Dungeon (2/15)

Altars:

Annotations:
D:3 Iidacon's ghost, amateur GrGl


Message History

You hit Iidacon's ghost but do no damage.
Iidacon's ghost is moderately damaged.
Iidacon's ghost hits you!
You hit Iidacon's ghost but do no damage.
Iidacon's ghost is moderately damaged.
Iidacon's ghost closely misses you.
You hit Iidacon's ghost.
Iidacon's ghost is moderately damaged.
Iidacon's ghost hits you but does no damage.
You barely miss Iidacon's ghost.
Iidacon's ghost is moderately damaged.
Iidacon's ghost barely misses you.
You hit Iidacon's ghost but do no damage.
Iidacon's ghost is moderately damaged.
Iidacon's ghost hits you!
* * * LOW HITPOINT WARNING * * *
Iidacon's ghost hits you.
* * * LOW HITPOINT WARNING * * *
You hit Iidacon's ghost but do no damage.
Iidacon's ghost is moderately damaged.
Iidacon's ghost hits you.
* * * LOW HITPOINT WARNING * * *
It was a potion of resistance.
You feel protected. Iidacon's ghost barely misses you.
You hit Iidacon's ghost but do no damage.
Iidacon's ghost is moderately damaged.
You hear the rusting of a very distant drain.
You recover from your berserk rage.
You feel the effects of Trog's Hand fading.
Iidacon's ghost hits you!
* * * LOW HITPOINT WARNING * * *
You closely miss Iidacon's ghost.
Iidacon's ghost is moderately damaged.
Iidacon's ghost barely misses you.
You barely miss Iidacon's ghost.
Iidacon's ghost is moderately damaged.
Iidacon's ghost keens inconsolably.
Iidacon's ghost hits you!
You die...

#.....######....
##.............#.
###...†..#######.#.
##..).....# #.#.
#.....#.### #.#.
#...####.. ....
#...#.P#..g. ..##
#...W:8###.. #.#
##.@#.P# .. .#
........####
########. .# .. ###


You could see Iidacon's ghost.

Vanquished Creatures
  3 adders (D:2)
  3 worms (D:2)
  3 dart slugs
  An orc (D:3)
  3 endoplasms
  4 giant cockroaches
  7 goblins
  10 hobgoblins
  2 jackals (D:2)
  5 kobolds
  A quokka (D:3)
  5 ball pythons
  2 bats
  2 frilled lizards (D:3)
  5 rats
56 creatures vanquished.

Notes
Turn   | Place    | Note
-------+----------+-------------------------------------------
     0 | D:1      | Thatcher the Hill Orc Berserker began the quest for the
                  | Orb.
     0 | D:1      | Reached XP level 1. HP: 19/19 MP: 1/1
   120 | D:1      | Found a faded altar of an unknown god.
   137 | D:1      | Reached XP level 2. HP: 24/27 MP: 2/2
   212 | D:1      | You fall into a shaft and drop 1 floor!
   274 | D:2      | Reached XP level 3. HP: 33/33 MP: 3/3
  1354 | D:1      | Reached XP level 4. HP: 36/40 MP: 4/4
  1630 | D:1      | You fall into a shaft and drop 1 floor!
  1637 | D:1      | You fall into a shaft and drop 1 floor!
  1727 | D:2      | Reached skill level 5 in Axes
  1727 | D:2      | Reached ** piety under Trog
  2627 | D:1      | You fall into a shaft and drop 1 floor!
  2686 | D:1      | You fall into a shaft and drop 1 floor!
  2729 | D:1      | You fall into a shaft and drop 1 floor!
  2737 | D:2      | You fall into a shaft and drop 1 floor!
  2936 | D:3      | Found a runed translucent door.
  2937 | D:3      | Noticed Iidacon's ghost (amateur GrGl)
  3005 | D:3      | HP: 1/41 [Iidacon's ghost (7)]
  3007 | D:3      | Slain by Iidacon's ghost

Illustrated notes

Levels and vault maps discovered:
D:1:      wander_arrival_lonely_grave, layout_loops_cross,
          hellmonk_ecumenical_altar_run_dry, nicolae_wormholes
D:2:      minmay_evil_eye, layout_loops_ring, chequers_serial_rivers_micro_d
D:3:      layout_loops_ring, mainiacjoe_overflow_surrounded_room,
          gammafunk_ghost_grave, portal_sewer_entry_e,
          chequers_serial_rivers_small_3

Skill      XL: |  1  2  3  4 |
---------------+-------------+-----
Fighting       | 4 |  4.4
Dodging        | 2 |  2.0
Axes           | 5 |  5.4
Armour         | 3 |  3.0
Stealth        | |  0.6

Action                     |  1- 3 |  4- 6 || total
---------------------------+-------+-------++-------
  Melee: Hand axe          |   102 |   105 ||   207
         Punch             |     2 |     1 ||     3
  Throw: Stone             |     1 |     1 ||     2
 Invoke: Berserk           |     2 |     3 ||     5
         Trog's Hand       |       |     3 ||     3
    Use: Potion            |       |     1 ||     1
   Stab: Sleeping          |     1 |       ||     1
 Armour: Animal skin       |    14 |       ||    14
         Leather armour    |    11 |       ||    11
         Scale mail        |    15 |       ||    15
         Chain mail        |     2 |    50 ||    52
  Dodge: Dodged            |    74 |    54 ||   128

Table legend: (Time is in decaauts)
 A = Elapsed time spent in this place.
 B = Non-inter-level travel time spent in this place.
 C = Inter-level travel time spent in this place.
 D = Time resting spent in this place.
 E = Time spent auto-exploring this place.
 F = Levels seen in this place.
 G = Mean time per level.
                   A        B        C        D        E       F      G
               +--------+--------+--------+--------+--------+-----+--------+
         Total |   3071 |   2892 |    179 |   1065 |   1009 |   3 | 1023.7 |
       Dungeon |   3071 |   2892 |    179 |   1065 |   1009 |   3 | 1023.7 |
               +--------+--------+--------+--------+--------+-----+--------+

Top non-repeatable levels by time:
     D:2: 1430 daAuts
     D:1: 1335 daAuts
     D:3: 304 daAuts
